 Dungeon Crawl Stone Soup version 0.19.0-2-gae57169 (webtiles) character file.

193 hurricos the Cutter (level 5, -1/54 HPs)
             Began as a High Elf Fighter on Nov 6, 2016.
             Slain by a worker ant (4 damage)
             ... on level 4 of the Dungeon.
             The game lasted 00:01:43 (2164 turns).

hurricos the Cutter (High Elf Fighter)              Turns: 2164, Time: 00:01:44

Health: -1/54      AC: 22    Str: 15    XL:     5   Next: 43%
Magic:  6/6        EV:  2    Int: 11    God:
Gold:   140        SH:  9    Dex: 21    Spells: 0 memorised, 4 levels left

rFire  . . .     SeeInvis .     (no weapon)
rCold  . . .     Gourm    .     (armour currently unavailable)
rNeg   + + +     Faith    .     c - +0 shield
rPois  +         Spirit   .     (helmet currently unavailable)
rElec  .         Reflect  .     (cloak currently unavailable)
rCorr  .         Harm     .     (gloves currently unavailable)
MR     .....     NoTele   +     (boots currently unavailable)
Stlth  +++.......               (no amulet)
                                (no ring)
                                (no ring)

@: agile, lethally poisoned (-1 -> -1), tree-form
A: no striking features
a: no special abilities


You were on level 4 of the Dungeon.
You were not hungry.
You were a tree.
You visited 1 branch of the dungeon, and saw 4 of its levels.

You collected 140 gold pieces.

Inventory:

Hand Weapons
 a - a +0 rapier
Missiles
 t - a throwing net (quivered)
Armour
 b - a +0 scale mail
 c - a +0 shield (worn)
 l - a +0 helmet (melded)
 v - a +2 leather armour of poison resistance (melded)
Scrolls
 h - a scroll of noise {unknown}
 i - a scroll of remove curse {unknown}
 j - 7 scrolls of identify {unknown}
 m - a scroll of recharging {unknown}
 o - 2 scrolls of amnesia {unknown}
 q - 3 scrolls of teleportation {unknown}
 s - a scroll of fog {unknown}
Potions
 k - 4 potions of curing {unknown}
 n - 2 potions of heal wounds {unknown}
 p - 2 potions of flight {unknown}
 r - 2 potions of haste {unknown}
 u - a potion of invisibility {unknown}
Comestibles
 f - 2 meat rations
 g - a beef jerky


   Skills:
 - Level 3.0 Fighting
 + Level 6.9 Short Blades
 - Level 2.6 Armour
 - Level 2.6 Shields


You had 4 spell levels left.
You didn't know any spells.

Dungeon Overview and Level Annotations

Branches:
Dungeon (4/15)
 Temple: D:4-7

Altars:


Message History

You feel sick.
You hit the worker ant.
The worker ant is moderately wounded.
The worker ant bites you.
* * * LOW HITPOINT WARNING * * *
You barely miss the worker ant.
The worker ant is moderately wounded.
The worker ant bites you but does no damage.
The worker ant bites you.
* * * LOW HITPOINT WARNING * * *
You hit the worker ant.
The worker ant is heavily wounded.
The worker ant bites you but does no damage.
You smack the worker ant!
The worker ant is almost dead.
You feel sick. You block the worker ant's attack.
You closely miss the worker ant.
The worker ant is almost dead.
You block the worker ant's attack. The worker ant bites you.
You die...

#.......##..................
######...........................
..#.....##.##....................
...........#..#.............)....
[.........##.###...........).....
.................................
............#...#####...##...#...
..........#...o#####)..###.......
..............oa♣................
..........###.######...###.......
..........##..# ..#.# #.......
.............#! ...........
.......)........ ..........
#####..[......... ..#.#.....
#............. #.#.....
#.............. #.....
#........... ......


You could see a worker ant and 2 orcs.

Vanquished Creatures
  An ogre (D:4)
  A hound (D:4)
  An adder (D:3)
  An ooze (D:1)
  A worm (D:2)
  A dart slug (D:1)
  3 leopard geckos
  6 orcs
  3 giant cockroaches
  6 hobgoblins
  4 jackals
  5 bats
  2 frilled lizards
  5 goblins
  6 kobolds
  A leopard gecko skeleton (D:4)
  6 rats
53 creatures vanquished.

Notes
Turn   | Place    | Note
-------+----------+-------------------------------------------
     0 | D:1      | hurricos the High Elf Fighter began the quest for the Orb.
     0 | D:1      | Reached XP level 1. HP: 16/16 MP: 2/2
    61 | D:1      | Reached skill level 3 in Short Blades
    85 | D:1      | Reached XP level 2. HP: 14/21 MP: 3/3
   503 | D:2      | Reached skill level 4 in Short Blades
   754 | D:2      | Reached XP level 3. HP: 17/26 MP: 4/4
  1704 | D:3      | Found a faded altar of an unknown god.
  1951 | D:3      | Reached skill level 5 in Short Blades
  2037 | D:4      | Noticed an ogre
  2046 | D:4      | Killed an ogre
  2046 | D:4      | Reached skill level 6 in Short Blades
  2046 | D:4      | Reached XP level 4. HP: 31/31 MP: 5/5
  2046 | D:4      | Reached XP level 5. HP: 36/36 MP: 6/6
  2164 | D:4      | Slain by a worker ant

Skill      XL: |  1  2  3 |
---------------+----------+-----
Short Blades   | 3 4 6 |  6.9
Fighting       | |  3.0
Armour         | |  2.6
Shields        | |  2.6

Action                   |  1- 3 |  4- 6 || total
-------------------------+-------+-------++-------
Melee: Rapier            |   133 |    24 ||   157
       Unarmed           |       |    10 ||    10
  Use: Potion            |     1 |     2 ||     3
 Stab: Sleeping          |     1 |       ||     1
  Eat: Bread ration      |     1 |       ||     1
Armor: Scale mail        |    61 |       ||    61
       Leather armour    |     1 |    11 ||    12
       Skin              |       |     4 ||     4
Dodge: Dodged            |    31 |    14 ||    45
Block: Shield            |    65 |    21 ||    86
